Map: Blackpink LE

Players

Neeb - Winner!

  • Race: Protoss Protoss
  • Spawn Location: 1:00

Zanster

  • Race: Zerg Zerg
  • Spawn Location: 7:00

Event: WCS Leipzig 2018

VOD

Have the link to the VOD?

Description

Time

  • Played on: Jan. 26, 2018, 2:45 p.m.
  • Length: 13:17

All games in this series

Show
View Real Time Build Order
Export as new Build Order

Neeb Protoss - Winner!

Build Orders: 1 Gate Expand, Oracle Opening, Phoenix Opening 

Get SALT Encoding   

  12  0:00  Probe  
  13  0:12  Probe  
  14  0:19  Pylon  
  14  0:24  Probe  
  15  0:33  Assimilator  
  15  0:37  Probe (Chrono Boost)  
  16  0:44  Gateway  
  16  0:49  Probe (Chrono Boost)  
  17  0:56  Probe (Chrono Boost)  
  18  1:04  Probe  
  19  1:16  Probe  
  20  1:23  Nexus  
  20  1:35  Cybernetics Core  
  20  1:36  Probe  
  21  1:43  Assimilator  
  21  1:48  Probe  
  21  1:53  Pylon  
  22  2:00  Probe (Chrono Boost)  
  23  2:03  Adept  
  23  2:12  Probe (Chrono Boost)  
  26  2:20  Probe (Chrono Boost), Stargate  
  27  2:26  Probe  
  27  2:29  Adept (Chrono Boost)  
  28  2:36  Probe  
  31  2:37  Warp Gate  
  31  2:39  Probe  
  32  2:48  Probe  
  32  2:49  Adept (Chrono Boost)  
  32  2:51  Probe  
  36  3:00  Probe  
  36  3:03  Probe  
  36  3:05  Oracle (Chrono Boost)  
  38  3:09  Pylon  
  38  3:12  Probe  
  42  3:15  Probe  
  42  3:19  Gateway  
  43  3:24  Probe  
  44  3:27  Probe  
  44  3:33  Assimilator  
  45  3:35  Phoenix (Chrono Boost)  
  45  3:36  Probe  
  45  3:37  Assimilator  
  45  3:39  Probe  
  49  3:47  Pylon  
  49  3:48  Probe  
  49  3:51  Probe  
  51  4:01  Probe  
  52  4:03  Probe  
  52  4:06  Oracle (Chrono Boost)  
  52  4:08  Gateway  
  56  4:13  Probe  
  56  4:15  Probe  
  58  4:20  Pylon  
  58  4:25  Probe  
  58  4:27  Probe  
  60  4:32  Pylon  
  60  4:37  Probe  
  60  4:38  Oracle  
  64  4:40  Probe  
  64  4:43  Adept x2  
  69  4:49  Probe  
  69  4:50  Robotics Facility  
  69  4:52  Probe  
  71  4:59  Nexus, Pylon  
  71  5:01  Probe  
  71  5:04  Probe  
  73  5:07  Pylon  
  73  5:13  Probe  
  74  5:15  Forge  
  74  5:17  Probe  
  74  5:18  Twilight Council  
  75  5:22  Shield Battery  
  75  5:24  Adept  
  75  5:25  Probe, Sentry x2  
  82  5:29  Probe  
  83  5:36  Pylon  
  83  5:37  Probe  
  83  5:41  Probe  
  83  5:42  Immortal (Chrono Boost)  
  89  5:49  Probe  
  90  5:52  Protoss Ground Weapons Level 1 (Chrono Boost)  
  90  5:53  Probe  
  91  5:59  Robotics Bay  
  91  6:00  Sentry  
  91  6:02  Probe  
  94  6:06  Probe, Assimilator  
  94  6:07  Assimilator  
  95  6:11  Probe  
  95  6:16  Probe, Immortal (Chrono Boost)  
  95  6:18  Probe  
  102  6:23  Probe  
  102  6:28  Probe, Blink  
  102  6:30  Probe  
  102  6:31  Pylon  
  104  6:38  Stalker, Sentry x2, Colossus (Chrono Boost)  
  116  6:57  Nexus  
  116  6:59  Extended Thermal Lance  
  116  7:00  Gateway  
  116  7:01  Gateway  
  116  7:04  Gateway  
  116  7:06  Pylon  
  116  7:10  Gateway  
  116  7:12  Gateway  
  116  7:20  Stalker x3  
  122  7:23  Probe x3  
  122  7:24  Protoss Ground Weapons Level 2 (Chrono Boost)  
  122  7:29  Observer  
  125  7:36  Photon Cannon  
  125  7:38  Probe  
  125  7:39  Probe  
  125  7:42  Robotics Facility  
  127  7:46  Probe  
  127  7:50  Probe  
  129  7:51  Probe  
  129  7:58  Pylon  
  130  8:00  Photon Cannon  
  130  8:06  Colossus (Chrono Boost)  
  130  8:10  Assimilator x2  
  136  8:13  Stalker x2, Sentry x2  
  136  8:14  Stalker  
  136  8:16  Probe  
  136  8:17  Probe x2  
  149  8:32  Colossus (Chrono Boost)  
  149  8:34  Pylon  
  155  8:43  Pylon  
  155  8:45  Colossus (Chrono Boost), Pylon x2  
  155  8:48  Pylon  
  155  8:50  Pylon  
  155  8:54  Stalker  
  163  9:05  Stalker x4  
  163  9:07  Stalker x2  
  163  9:08  Charge  
  174  9:17  Templar Archives, Protoss Ground Weapons Level 3 (Chrono Boost)  
  174  9:19  Colossus  
  174  9:21  Stalker x2  
  184  9:25  Photon Cannon  
  184  9:34  Observer  
  185  9:53  Stalker x7  
  185  9:55  Nexus  
  199  10:03  Photon Cannon  
  199  10:05  Pylon  
  187  10:15  Stalker  
  187  10:16  Stalker x5  
  196  10:27  Probe  
  188  10:30  Probe x2  
  169  10:42  Stalker x6  
  167  10:44  Stalker x2  
  161  11:06  Gateway  
  161  11:07  Stalker x3  
  161  11:08  Stalker x3, Gateway  
  167  11:11  Gateway  
  167  11:18  Pylon  
  167  11:20  Observer  
  168  11:32  Stalker  
  168  11:33  Stalker  
  168  11:38  Stalker x4  
  167  11:44  Probe  
  167  11:45  Probe  
  143  12:11  Stalker x5  
  143  12:12  Probe x2  
  143  12:14  Probe  
  108  12:28  Stalker  
  110  12:36  Stalker x7  
  122  12:39  High Templar  
  120  12:51  Probe x3  
  120  12:52  Probe  
  112  13:15  Stalker x9  
Show
View Real Time Build Order
Export as new Build Order

Zanster Zerg 

Build Orders: Hatch First 

Get SALT Encoding   

  12  0:00  Drone  
  13  0:13  Overlord  
  13  0:17  Drone  
  14  0:31  Drone x2  
  16  0:49  Hatchery  
  15  0:51  Drone  
  15  0:55  Drone  
  17  0:58  Drone  
  18  1:09  Extractor  
  17  1:14  Spawning Pool  
  17  1:17  Drone  
  17  1:21  Drone  
  18  1:29  Drone  
  20  1:40  Drone  
  20  1:52  Overlord  
  20  2:01  Queen  
  20  2:02  Queen  
  20  2:03  Zergling x4  
  26  2:14  Metabolic Boost  
  26  2:15  Drone  
  27  2:16  Drone  
  27  2:22  Drone  
  29  2:23  Drone  
  30  2:33  Drone  
  30  2:34  Drone  
  32  2:40  Hatchery  
  31  2:46  Queen  
  31  2:49  Drone  
  34  2:53  Overlord  
  34  3:00  Zergling x4  
  36  3:05  Overlord  
  36  3:16  Drone x7  
  43  3:22  Drone  
  43  3:26  Drone  
  45  3:30  Spore Crawler  
  45  3:33  Drone, Spore Crawler  
  45  3:34  Drone  
  45  3:45  Overlord  
  44  3:49  Zergling x6  
  44  3:51  Drone  
  48  3:56  Evolution Chamber  
  48  3:57  Drone x6  
  53  4:03  Drone  
  55  4:10  Drone  
  55  4:11  Spore Crawler  
  55  4:15  Drone x2  
  55  4:17  Spore Crawler  
  54  4:21  Overlord  
  54  4:22  Drone  
  54  4:23  Zerg Melee Weapons Level 1  
  55  4:25  Queen  
  55  4:29  Overlord x2  
  55  4:30  Drone  
  58  4:39  Baneling Nest  
  58  4:40  Drone x6  
  63  4:46  Overlord  
  63  4:48  Drone, Extractor  
  63  4:50  Extractor  
  62  4:55  Drone x6  
  62  4:57  Drone  
  62  4:58  Drone x2  
  70  5:03  Drone  
  70  5:04  Drone  
  70  5:05  Drone  
  72  5:07  Lair  
  72  5:08  Drone  
  73  5:17  Extractor  
  73  5:19  Zergling x6  
  73  5:20  Zergling x2  
  76  5:22  Zergling x4  
  76  5:27  Zergling x6  
  81  5:29  Overlord  
  81  5:31  Hatchery  
  81  5:34  Drone  
  81  5:35  Drone  
  81  5:42  Drone, Spore Crawler  
  81  5:43  Overlord x2  
  81  5:47  Drone  
  81  5:48  Drone x3  
  81  5:49  Drone  
  85  5:50  Drone  
  86  6:03  Drone x3  
  89  6:08  Centrifical Hooks, Hydralisk Den  
  89  6:09  Drone  
  89  6:11  Evolution Chamber  
  89  6:12  Drone x2, Queen  
  89  6:14  Extractor, Overlord  
  89  6:16  Zergling x8  
  94  6:25  Zergling x4  
  93  6:31  Zerg Melee Weapons Level 2  
  93  6:33  Drone  
  94  6:43  Hydralisk x7  
  94  6:44  Hydralisk  
  110  6:47  Hatchery, Overlord  
  110  6:53  Drone x2  
  108  6:54  Drone  
  108  6:58  Zerg Missile Weapons Level 1  
  108  6:59  Drone x2  
  111  7:06  Muscular Augments  
  111  7:07  Drone x6  
  117  7:08  Drone  
  117  7:09  Drone x3  
  117  7:12  Overlord  
  121  7:20  Baneling x5  
  121  7:21  Baneling x3  
  121  7:22  Zergling x4  
  123  7:23  Zergling x2  
  123  7:29  Zergling x8  
  128  7:30  Hatchery, Zergling x4  
  128  7:32  Overlord  
  128  7:33  Overlord  
  128  7:34  Baneling x2  
  128  7:38  Zergling x16  
  128  7:39  Overseer  
  136  7:50  Pneumatized Carapace  
  136  7:55  Drone x7  
  136  7:56  Extractor  
  143  7:58  Drone x3  
  143  7:59  Drone  
  143  8:00  Extractor  
  143  8:04  Overlord  
  145  8:06  Infestation Pit  
  144  8:13  Hydralisk x7  
  144  8:17  Overlord x2  
  144  8:18  Overlord x4  
  157  8:32  Overseer  
  157  8:33  Zergling x2  
  157  8:34  Zergling x14  
  165  8:43  Hive  
  165  8:45  Zergling x10  
  165  8:46  Zergling x4, Hatchery, Spore Crawler  
  165  8:47  Spire  
  169  8:52  Baneling x4  
  169  8:53  Baneling x3  
  169  8:55  Zergling x10  
  170  8:57  Zerg Missile Weapons Level 2  
  173  9:04  Zerg Ground Armor Level 1  
  173  9:08  Zergling x6  
  173  9:09  Zergling x10  
  180  9:12  Queen  
  182  9:24  Hydralisk x2  
  182  9:25  Zergling x20  
  182  9:27  Baneling  
  182  9:28  Baneling x10  
  196  9:37  Zergling x10  
  200  9:43  Baneling x6  
  200  9:44  Baneling  
  198  9:45  Zergling x2  
  199  9:55  Extractor  
  185  10:10  Zergling x22  
  185  10:11  Zergling x12  
  188  10:21  Zergling x2  
  188  10:22  Zergling x22  
  188  10:25  Greater Spire  
  194  10:31  Adrenal Glands  
  183  10:36  Zergling x26  
  183  10:41  Zergling x8  
  184  10:47  Hydralisk x4  
  184  10:49  Hydralisk  
  174  10:52  Hydralisk x2  
  174  10:56  Baneling  
  164  10:58  Hydralisk  
  164  10:59  Hydralisk x11  
  176  11:04  Hydralisk  
  176  11:05  Extractor, Zergling x4  
  176  11:09  Hydralisk  
  176  11:10  Zergling x6  
  184  11:11  Baneling x4  
  184  11:12  Baneling x13  
  184  11:15  Zergling x6  
  185  11:18  Zergling x2  
  185  11:19  Zergling x4  
  186  11:28  Baneling  
  186  11:29  Baneling x10  
  186  11:30  Hatchery  
  173  11:40  Corruptor  
  173  11:41  Corruptor x2  
  173  11:51  Hydralisk  
  173  11:52  Zergling x12  
  173  11:53  Zergling x2  
  141  12:09  Hydralisk  
  141  12:10  Zergling x26  
  141  12:11  Zergling x2  
  123  12:16  Hydralisk  
  123  12:21  Hydralisk  
  123  12:22  Zergling x8  
  113  12:25  Baneling  
  111  12:32  Brood Lord x3  
  111  12:33  Hydralisk  
  111  12:34  Zergling x4  
  106  12:38  Zergling x2  
  106  12:39  Zergling x2  
  103  12:46  Zergling x2  
  103  12:47  Zergling x8  
Tags
 
Add a new tag
Caveats
  • Supply blocks, unpowered buildings, or Contaminate may cause inaccurate times.
  • Supply counts are checked every 10 seconds.